 Dungeon Sprint DCSS version 0.29.1-15-g9cfb28693d (webtiles) character file.

Game seed: 5310049469328180505

165 Ast3rio the Cleaver (level 5, -2/56 HPs)
             Began as a Minotaur Berserker on Mar 14, 2023.
             Was a Priest of Trog.
             Killed from afar by a deep elf pyromancer (12 damage)
             ... with a sticky flame
             ... in the Dungeon (Sprint III: "The Ten Rune Challenge").
             The game lasted 00:01:19 (728 turns).

Ast3rio the Cleaver (Minotaur Berserker)             Turns: 728, Time: 00:01:24

Health: -2/56      AC:  2    Str: 23    XL:     5   Next: 21%
Magic:  4/4        EV: 13    Int:  4    God:    Trog [***...]
Gold:   15         SH:  0    Dex: 10    Spells: 4/4 levels left

rFire   . . .      SeeInvis .   a - +0 hand axe
rCold   . . .      Faith    .   (no shield)
rNeg    . . .      Spirit   .   b - +0 animal skin
rPois   .          Reflect  .   (helmet restricted)
rElec   .          Harm     .   (no cloak)
rCorr   .          Rampage  .   (no gloves)
Will    .....      NoTele   +   (no boots)
Stlth   +.........              (no amulet)
HPRegen 0.18/turn               (no ring)
MPRegen 0.09/turn               (no ring)

@: on fire, on berserk cooldown, slowed, glowing, very slow
A: horns 2, retaliatory headbutt
a: Renounce Religion, Berserk, Trog's Hand


You were in the Dungeon.
You worshipped Trog.
Trog was most pleased with you.
You visited 1 branch You collected 15 gold pieces.

Inventory:

Hand Weapons
 a - a +0 hand axe (weapon)
Armour
 b - a +0 animal skin (worn)
Scrolls
 h - a scroll of blinking
 i - a scroll of immolation {unknown}
 j - 3 scrolls of identify
 m - a scroll of poison {unknown}
Potions
 c - a potion of curing
 d - a potion of heal wounds
 e - a potion of haste
 f - 2 potions of magic
 g - a potion of berserk rage
 k - a potion of might {unknown}
 l - 4 potions of flight
 n - 4 potions of mutation


   Skills:
 + Level 8.4 Fighting
 + Level 9.0 Axes
 + Level 4.5 Armour
 + Level 4.6 Dodging
 + Level 0.6 Stealth


You had 4 spell levels left.
You didn't know any spells.
Your spell library was empty.

Dungeon Overview and Level Annotations

Branches:
Dungeon (1/1)

Altars:
Elyvilon
Zin
The Shining One


Innate Abilities, Weirdness & Mutations

You have a pair of horns on your head.
You reflexively headbutt those who attack you in melee.


Message History

You feel a strong urge to attack something.
There is a fountain of clear blue water here.
You feel your anger nearly subside.
You are no longer berserk.
You are exhausted.
You feel yourself slow down. As you open the door, it creaks loudly!
Found three altars.
A deep elf pyromancer comes into view.
It is wielding a +1 long sword of holy wrath.
The deep elf pyromancer shouts!
The deep elf pyromancer hits you with a +1 long sword of holy wrath!
There is an open door, spattered with blood here.
The deep elf pyromancer points at you and mumbles some strange words.
The sticky flame hits you!
You are covered in liquid flames!
You slash the deep elf pyromancer! You headbutt the deep elf pyromancer.
The deep elf pyromancer is moderately wounded.
You are covered in liquid flames!
You are no longer on fire.
The deep elf pyromancer casts a spell at you.
The sticky flame misses you. The deep elf pyromancer misses you.
You hit the deep elf pyromancer.
Your headbutt misses the deep elf pyromancer.
The deep elf pyromancer is moderately wounded.
The deep elf pyromancer hits you with a +1 long sword of holy wrath.
You slash the deep elf pyromancer!
The deep elf pyromancer is heavily wounded.
The deep elf pyromancer hits you with a +1 long sword of holy wrath.
You hit the deep elf pyromancer.
Your headbutt misses the deep elf pyromancer.
The deep elf pyromancer is heavily wounded.
The deep elf pyromancer hits you with a +1 long sword of holy wrath!
* * * LOW HITPOINT WARNING * * *
You slash the deep elf pyromancer!
The deep elf pyromancer is severely wounded.
The deep elf pyromancer casts a spell.
The deep elf pyromancer gestures at you while chanting.
The sticky flame hits you!
You are covered in liquid flames!
You die...

▓▓▓▓▓▓ ▓▓▓ .'...♣♣♣
♣.##### .#.....♣♣
♣♣.#EE_# ##....♣.♣
♣..#.e@#
.#....~♣♣♣♣♣.###'#+###+#
.#...~~♣♣.♣..#..........
)#..~~~~.....'.⌠........
'#..~≈≈~~~...#...######+
.#.~~≈~~~....#.⌠.#
.#.~≈~~~.....#...#
.#.~~~.......#+###
##...........#


You could see a deep elf pyromancer and 2 fire elementals.

Vanquished Creatures
  A scorpion (D)
  A water elemental (D)
  Jessica (D)
  A human (D)
  2 endoplasms (D)
  A rat (D)
7 creatures vanquished.

Notes
Turn   | Place    | Note
-------+----------+-------------------------------------------
     0 | D        | Ast3rio the Minotaur Berserker began the quest for the Orb.
     0 | D        | Reached XP level 1. HP: 19/19 MP: 0/0
     4 | D        | Reached skill level 4 in Axes
    21 | D        | Noticed Jessica
    24 | D        | Reached ** piety under Trog
    30 | D        | Killed Jessica
    31 | D        | Reached skill level 5 in Fighting
    31 | D        | Reached skill level 5 in Axes
    31 | D        | Reached XP level 2. HP: 19/30 MP: 1/1
    31 | D        | Reached XP level 3. HP: 23/37 MP: 2/2
   268 | D        | Reached skill level 6 in Axes
   272 | D        | Noticed a scorpion
   280 | D        | Killed a scorpion
   280 | D        | Reached *** piety under Trog
   281 | D        | Reached skill level 8 in Axes
   281 | D        | Reached XP level 4. HP: 4/47 MP: 3/3
   712 | D        | Noticed a water elemental
   715 | D        | Killed a water elemental
   716 | D        | Reached skill level 9 in Axes
   716 | D        | Reached XP level 5. HP: 56/56 MP: 4/4
   721 | D        | Found a glowing silver altar of Zin.
   721 | D        | Found a glowing golden altar of the Shining One.
   721 | D        | Found a white marble altar of Elyvilon.
   722 | D        | Noticed a deep elf pyromancer
   728 | D        | Killed from afar by a deep elf pyromancer

Illustrated notes

Levels and vault maps discovered:
D:        dungeon_sprint_mu [sprint_mu_entry_forest, sprint_mu_temple_rooms,
          sprint_mu_d1_spiders, sprint_mu_d2_genie, sprint_mu_d3_branching,
          sprint_mu_orc_legion, sprint_mu_elf_gauntlet, sprint_mu_hive_nellie,
          sprint_mu_lair_fedhas, sprint_mu_vaults_butterflies,
          sprint_mu_slime_circle, sprint_mu_swamp_cave, sprint_mu_snake_twists,
          sprint_mu_blade_basic, sprint_mu_crypt_fortress,
          sprint_mu_tomb_spiral, sprint_mu_vestibule_basic,
          sprint_mu_gehenna_hellfire, sprint_mu_dis_giant,
          sprint_mu_tartarus_statrot, sprint_mu_cocytus_islands, sprint_mu_zot1]

Skill      XL: |  1  2  3  4 |
---------------+-------------+-----
Fighting       | 5 7 8 |  8.4
Axes           | 5 8 9 |  9.0
Armour         | 3 4 |  4.5
Dodging        | 3 4 |  4.6
Stealth        | |  0.6

Action                   |  1- 3 |  4- 6 || total
-------------------------+-------+-------++-------
Melee: Hand axe          |    19 |     7 ||    26
       Headbutt          |     4 |     2 ||     6
       Punch             |     1 |       ||     1
Invok: Berserk           |     1 |     1 ||     2
Dodge: Dodged            |     9 |     2 ||    11
